 Dungeon Crawl Stone Soup version 0.25-a0-578-gc91f01c39c (webtiles) character file.

Game seed: 2051179601633265938, levelgen mode: deterministic

1062 Emblim88 the Shield-Bearer (level 8, -5/67 HPs)
             Began as a Gnoll Fighter on Mar 4, 2020.
             Was a Follower of Fedhas.
             Slain by Pikel
             ... wielding a +1 whip of electrocution
              (17 damage)
             ... on level 6 of the Dungeon.
             The game lasted 00:06:56 (3871 turns).

Emblim88 the Shield-Bearer (Gnoll Fighter)          Turns: 3871, Time: 00:06:57

Health: -5/67      AC: 14    Str: 20    XL:     8   Next: 27%
Magic:  12/12      EV:  6    Int: 12    God:    Fedhas [*.....]
Gold:   233        SH: 13    Dex: 14    Spells: 13/13 levels left

rFire    . . .     SeeInvis .   o - +3 whip (elec)
rCold    . . .     Gourm    .   s - +2 kite shield
rNeg     . . .     Faith    .   u - +0 plate armour
rPois    .         Spirit   .   t - +1 hat
rElec    .         Reflect  .   y - scarf {repulsion}
rCorr    .         Harm     .   (no gloves)
MR       .....                  (no boots)
Stlth    ..........             (no amulet)
HPRegen  0.21/turn              r - ring of stealth
MPRegen  0.13/turn              (no ring)

@: repel missiles
A: distributed training, fangs 1, strong nose
a: Renounce Religion


You were on level 6 of the Dungeon.
You worshipped Fedhas.
Fedhas was aware of your devotion.
You were hungry.

You visited 1 branch of the dungeon, and saw 6 of its levels.
You also visited: Sewer.

You collected 233 gold pieces.

Inventory:

Hand Weapons
 o - a +3 whip of electrocution (weapon)
Missiles
 a - 9 poisoned darts (quivered)
 b - 5 silver javelins
Armour
 s - a +2 kite shield (worn)
 t - a +1 hat (worn)
 u - a +0 plate armour (worn)
 y - a scarf of repulsion (worn)
Jewellery
 r - a ring of stealth (left hand)
Wands
 l - a wand of flame (17)
 q - a wand of polymorph (8)
Scrolls
 c - 3 scrolls of teleportation {unknown}
 e - 10 scrolls of identify {unknown}
 h - a scroll of enchant weapon {unknown}
 j - 2 scrolls of magic mapping {unknown}
 k - a scroll of amnesia {unknown}
 m - a scroll of remove curse {unknown}
 v - 4 scrolls of fear {unknown}
 x - a scroll of fog {unknown}
Potions
 d - 3 potions of might
 g - 2 potions of degeneration {unknown}
 i - a potion of brilliance {unknown}
 n - a potion of berserk rage
 p - 3 potions of curing {unknown}
 w - a potion of heal wounds
 z - a potion of magic {unknown}
Comestibles
 f - 5 rations


   Skills:
 + Level 7.3 Fighting
 + Level 3.0 Short Blades
 + Level 5.5 Long Blades
 + Level 3.0 Axes
 + Level 3.0 Maces & Flails
 + Level 3.0 Polearms
 + Level 3.0 Staves
 + Level 3.0 Slings
 + Level 3.0 Bows
 + Level 3.0 Crossbows
 + Level 3.0 Throwing
 + Level 7.3 Armour
 + Level 3.0 Dodging
 + Level 3.0 Stealth
 + Level 7.3 Shields
 + Level 3.0 Unarmed Combat
 + Level 3.0 Spellcasting
 + Level 2.4 Conjurations
 + Level 2.4 Hexes
 + Level 2.4 Charms
 + Level 2.4 Summonings
 + Level 2.4 Necromancy
 + Level 2.4 Translocations
 + Level 2.4 Transmutations
 + Level 2.4 Fire Magic
 + Level 2.4 Ice Magic
 + Level 2.4 Air Magic
 + Level 2.4 Earth Magic
 + Level 2.4 Poison Magic
 + Level 3.3 Invocations
 + Level 3.0 Evocations


You had 13 spell levels left.
You didn't know any spells.
Your spell library contained the following spells:

 Spells                   Type           Power        Failure   Level  Hunger
 Confusing Touch          Hex            #.......     100%        3    ###....
 Gell's Gravitas          Tloc           #.........   100%        3    ###....
 Petrify                  Tmut/Erth      #.......     100%        4    #####..
 Metabolic Englaciation   Hex/Ice        #.........   100%        5    ######.
 Yara's Violent Unravell  Hex/Tmut       #.........   100%        5    ######.


Dungeon Overview and Level Annotations

Branches:
Dungeon (6/15)              Sewer (visited)
 Temple: D:4-7

Altars:
Cheibriados
Fedhas
Uskayaw
Wu Jian

Annotations:
D:6 Pikel


Innate Abilities, Weirdness & Mutations

Your experience applies equally to all skills.
You have very sharp teeth.
Your uncanny sense of smell can sniff out nearby items.


Message History

Your plate armour prevents you from hitting Pikel.
You bite Pikel, but do no damage.
Pikel is heavily wounded.
Pikel hits you but does no damage.
You are electrocuted!
You hit Pikel but do no damage.
Pikel is heavily wounded.
Pikel hits you with a +1 whip of electrocution.
Pikel hits you but does no damage.
You are electrocuted!
You hit Pikel but do no damage. You bite Pikel, but do no damage.
Pikel is heavily wounded.
Pikel hits you with a +1 whip of electrocution!
* * * LOW HITPOINT WARNING * * *
You hit Pikel but do no damage.
Pikel is heavily wounded.
Pikel barely misses you.
Pikel hits you with a +1 whip of electrocution.
* * * LOW HITPOINT WARNING * * *
You are electrocuted!
You die...
Fedhas appreciates your contribution to the ecosystem.

### #.# ....
...##
#...#######$.>..
#........$<#.#
#.#.....<....#
∆###ppp####....
##p## ## #K# #@#
∆ #.......#
.....(..#
###...<...
.....#. .....#
##.### .#


You could see Pikel (berserk) and 4 slaves.

Vanquished Creatures
  Prince Ribbit (D:5)
  An ice beast (D:5)
  A centaur (D:3)
  2 big kobolds (Sewer)
  Blork the orc (D:4)
  A howler monkey (D:4)
  3 bullfrog skeletons
  An orc priest (D:3)
  A centaur skeleton (D:4)
  2 orc wizards (D:4)
  Natasha (thrice) (D:3)
  A worker ant (D:5)
  3 river rats (D:5)
  3 adders
  A shadow imp (D:5)
  2 worms
  A dart slug (D:1)
  A leopard gecko (D:5)
  6 orcs
  7 bats
  6 giant cockroaches
  7 goblins
  10 hobgoblins
  3 quokkas
  6 ball pythons
  2 frilled lizards (D:2)
  7 kobolds
  15 rats
98 creatures vanquished.

Notes
Turn   | Place    | Note
-------+----------+-------------------------------------------
     0 | D:1      | Emblim88 the Gnoll Fighter began the quest for the Orb.
     0 | D:1      | Reached XP level 1. HP: 23/23 MP: 1/1
   103 | D:1      | Reached XP level 2. HP: 29/29 MP: 2/2
   399 | D:1      | Reached XP level 3. HP: 34/35 MP: 3/3
   720 | D:2      | Found a faded altar of an unknown god.
   937 | D:2      | Reached skill level 1 in Invocations
  1235 | D:3      | Found a hide-covered altar of Uskayaw.
  1251 | D:3      | Reached skill level 1 in Short Blades
  1251 | D:3      | Reached skill level 1 in Axes
  1251 | D:3      | Reached skill level 1 in Maces & Flails
  1251 | D:3      | Reached skill level 1 in Polearms
  1251 | D:3      | Reached skill level 1 in Staves
  1251 | D:3      | Reached skill level 1 in Slings
  1251 | D:3      | Reached skill level 1 in Bows
  1251 | D:3      | Reached skill level 1 in Crossbows
  1251 | D:3      | Reached skill level 1 in Throwing
  1251 | D:3      | Reached skill level 1 in Dodging
  1251 | D:3      | Reached skill level 1 in Stealth
  1251 | D:3      | Reached skill level 1 in Unarmed Combat
  1251 | D:3      | Reached skill level 1 in Spellcasting
  1251 | D:3      | Reached skill level 1 in Evocations
  1251 | D:3      | Reached XP level 4. HP: 16/41 MP: 5/5
  1477 | D:3      | Found a snail-covered altar of Cheibriados.
  1486 | D:3      | Noticed Natasha
  1494 | D:3      | Killed Natasha
  1494 | D:3      | Reached skill level 1 in Conjurations
  1494 | D:3      | Reached skill level 1 in Hexes
  1494 | D:3      | Reached skill level 1 in Charms
  1494 | D:3      | Reached skill level 1 in Summonings
  1494 | D:3      | Reached skill level 1 in Necromancy
  1494 | D:3      | Reached skill level 1 in Translocations
  1494 | D:3      | Reached skill level 1 in Transmutations
  1494 | D:3      | Reached skill level 1 in Fire Magic
  1494 | D:3      | Reached skill level 1 in Ice Magic
  1494 | D:3      | Reached skill level 1 in Air Magic
  1494 | D:3      | Reached skill level 1 in Earth Magic
  1494 | D:3      | Reached skill level 1 in Poison Magic
  1494 | D:3      | Reached XP level 5. HP: 40/47 MP: 6/6
  1571 | D:3      | Found a blossoming altar of Fedhas.
  1573 | D:3      | Noticed Natasha
  1581 | D:3      | Killed Natasha
  1594 | D:3      | Became a worshipper of Fedhas Madash
  1639 | D:3      | Found an ornate altar of the Wu Jian Council.
  1695 | D:3      | Noticed Natasha
  1708 | D:3      | Killed Natasha
  1724 | D:3      | Noticed a centaur
  1741 | D:3      | Killed a centaur
  1741 | D:3      | Reached XP level 6. HP: 30/53 MP: 8/8
  1943 | D:4      | Noticed Blork the orc
  1956 | D:4      | Killed Blork the orc
  1956 | D:4      | Reached skill level 5 in Long Blades
  2331 | D:4      | Reached XP level 7. HP: 59/59 MP: 10/10
  2754 | D:5      | Entered Level 5 of the Dungeon
  2859 | D:5      | Reached * piety under Fedhas
  2888 | D:5      | Found a glowing drain.
  2898 | Sewer    | Entered a sewer
  3236 | D:5      | Reached XP level 8. HP: 54/67 MP: 12/12
  3330 | D:5      | Noticed Prince Ribbit
  3406 | D:5      | Killed Prince Ribbit
  3849 | D:6      | Noticed Pikel
  3871 | D:6      | Slain by Pikel

Levels and vault maps discovered:
D:1:      evilmike_arrival_fibonacci_small, layout_basic
D:2:      layout_rooms, first_ration, chequers_ecumenical_altar_simple_redux,
          uniq_crazy_yiuf_cottage
D:3:      layout_rooms, cheibriados_altar_1, lemuel_round_altar,
          marbit_many_paths, fedhas_altar_3, uniq_natasha
D:4:      layout_basic, uniq_blork_the_orc
D:5:      layout_loops_cross, lightli_sewer_entry_pipes, kennysheep_crisscross,
          uniq_prince_ribbit1
D:6:      layout_loops_ring, uniq_pikel

Skill      XL: |  1  2  3  4  5  6  7  8 |
---------------+-------------------------+-----
Invocations    | 1 2 3 |  3.3
Short Blades   | 1 2 3 |  3.0
Axes           | 1 2 3 |  3.0
Maces & Flails | 1 2 3 |  3.0
Polearms       | 1 2 3 |  3.0
Staves         | 1 2 3 |  3.0
Slings         | 1 2 3 |  3.0
Bows           | 1 2 3 |  3.0
Crossbows      | 1 2 3 |  3.0
Throwing       | 1 2 3 |  3.0
Dodging        | 1 2 3 |  3.0
Stealth        | 1 2 3 |  3.0
Unarmed Combat | 1 2 3 |  3.0
Spellcasting   | 1 2 3 |  3.0
Evocations     | 1 2 3 |  3.0
Conjurations   | 1 2 |  2.4
Hexes          | 1 2 |  2.4
Charms         | 1 2 |  2.4
Summonings     | 1 2 |  2.4
Necromancy     | 1 2 |  2.4
Translocations | 1 2 |  2.4
Transmutations | 1 2 |  2.4
Fire Magic     | 1 2 |  2.4
Ice Magic      | 1 2 |  2.4
Air Magic      | 1 2 |  2.4
Earth Magic    | 1 2 |  2.4
Poison Magic   | 1 2 |  2.4
Long Blades    | 5 |  5.5
Fighting       | 7 |  7.3
Armour         | 7 |  7.3
Shields        | 7 |  7.3

Action                   |  1- 3 |  4- 6 |  7- 9 || total
-------------------------+-------+-------+-------++-------
Melee: Long sword        |   104 |       |       ||   104
       Bite              |    17 |     5 |    12 ||    34
       Whip              |    17 |    75 |   133 ||   225
       Unarmed           |       |     6 |       ||     6
  Eat: Chunk             |     1 |       |     5 ||     6
       Ration            |       |     1 |       ||     1
Armor: Scale mail        |    43 |    27 |    15 ||    85
       Plate armour      |       |       |    21 ||    21
Dodge: Dodged            |    47 |    19 |    18 ||    84
Block: Kite shield       |    70 |    39 |    81 ||   190
       Rpst.: Long sword |    11 |       |       ||    11

Table legend:
 A = Non-vault XP
 B = Vault XP
 C = Vault XP percentage of total XP
 D = Non-vault monster count
 E = Vault monster count
 F = Vault count percentage of total count
                 A         B        C        D         E       F
            +---------+---------+-------+---------+---------+-------
      Total |     845 |     673 |  44.3 |      75 |      23 |  23.5
            +---------+---------+-------+---------+---------+-------
        D:1 |      41 |       0 |   0.0 |      22 |       0 |   0.0
        D:2 |      29 |       0 |   0.0 |      19 |       0 |   0.0
        D:3 |     289 |      39 |  11.9 |      18 |       2 |  10.0
        D:4 |     225 |      96 |  29.9 |       9 |       1 |  10.0
        D:5 |     261 |     317 |  54.8 |       7 |       7 |  50.0
      Sewer |       0 |     221 | 100.0 |       0 |      13 | 100.0
            +---------+---------+-------+---------+---------+-------
